 Dungeon Crawl Stone Soup version 0.30-a0-137-gd8773701ce (webtiles) character file.

Game seed: 7592042058323874816

5 jlumianski the Chopper (level 1, 0/12 HPs)
             Began as a Gargoyle Gladiator on Sept 22, 2022.
             Slain by Natasha (5 damage)
             ... on level 1 of the Dungeon.
             The game lasted 00:00:32 (322 turns).

jlumianski the Chopper (Gargoyle Gladiator)          Turns: 322, Time: 00:00:32

Health: 0/12       AC:  6    Str: 17    XL:     1   Next: 80%
Magic:  1/1        EV: 12    Int:  8    God:
Gold:   0          SH:  0    Dex: 11    Spells: 0/0 levels left

rFire   . . .      SeeInvis .    a - +0 war axe
rCold   . . .      Faith    .    (no shield)
rNeg    + . .      Spirit   .    b - +0 leather armour
rPois   ∞          Reflect  .    c - +0 helmet
rElec   +          Harm     .    (no cloak)
rCorr   .          Rampage  .    (no gloves)
Will    .....                    (no boots)
Stlth   +.........               (no amulet)
HPRegen 0.04/turn                (no ring)
MPRegen 0.07/turn                (no ring)

@: no status effects
A: sickness immunity, AC +2, negative energy resistance 1, electricity
resistance, torment resistance 1, petrification resistance
a: no special abilities


You were on level 1 of the Dungeon.
You visited 1 branch of the dungeon, and saw 2 of its levels.

Inventory:

Hand Weapons
 a - a +0 war axe (weapon)
Missiles
 d - 3 throwing nets (quivered)
 e - a javelin
Armour
 b - a +0 leather armour (worn)
 c - a +0 helmet (worn)
Scrolls
 f - a scroll of teleportation {unknown}
 g - a scroll of identify {unknown}
Potions
 h - a potion of heal wounds {unknown}


   Skills:
 + Level 2.2 Fighting
 + Level 2.8 Axes
 + Level 1.8 Throwing
 + Level 2.5 Dodging


You couldn't memorise any spells.
You didn't know any spells.
Your spell library was empty.

Dungeon Overview and Level Annotations

Branches:
Dungeon (2/15)

Altars:

Annotations:
D:1 Natasha


Innate Abilities, Weirdness & Mutations

You are immune to sickness and miasma.
Your stone body is resilient. (AC +2)
You are immune to poison.
You resist negative energy. (rN+)
You are resistant to electric shocks. (rElec)
You are resistant to unholy torment.
You are immune to petrification.


Message History

The hobgoblin hits you but does no damage.
You slash the hobgoblin!
You kill the hobgoblin!
The kobold hits you but does no damage.
You slash the kobold!
You kill the kobold!
Things that are here:
a +0 short sword; a kobold corpse; a hobgoblin corpse
Things that are here:
a +0 dagger; a goblin corpse
Found a stone staircase leading down.
g - a scroll labelled NEBAOM ICIARY
There is a stone staircase leading down here.
You climb downwards.
There is a stone staircase leading up here.
Natasha, Servant of Life and Death comes into view.
Found a grey potion.
Natasha hisses angrily.
Natasha moves out of view.
You see here a grey potion.
Found a scale mail.
Natasha mumbles some strange words.
Natasha barely misses you.
You see here a grey potion.
h - a grey potion Natasha closely misses you.
The crimson imp completely misses you.
The crimson imp attacks as you move away!
The crimson imp barely misses you. The crimson imp puffs mist at you.
Natasha attacks as you move away! Natasha claws you but does no damage.
Natasha claws you.
Ouch! That really hurt!
There is a stone staircase leading up here.
Natasha casts a spell at you. The magic dart hits you.
The crimson imp blinks!
You climb upwards.
The crimson imp disappears in a puff of smoke!
There is a stone staircase leading down here.
You closely miss Natasha. Natasha claws you.
You die...

#..##).#### .#
##.###.## ..#
#.)#...# ##...
###.##.### . ....
#...##.# .####.###
##.####.#
........###..#
#..#
............##
#.## ............#
#@#
...♣........###.h#
..8....÷.....##.##
................
............##..
.<..........##...
.......######..##
..###### #.# .##


You could see Natasha.

Vanquished Creatures
  An endoplasm (D:1)
  A goblin (D:1)
  A hobgoblin (D:1)
  A ball python (D:1)
  A kobold (D:1)
5 creatures vanquished.

Notes
Turn   | Place    | Note
-------+----------+-------------------------------------------
     0 | D:1      | jlumianski the Gargoyle Gladiator began the quest for the
                  | Orb.
     0 | D:1      | Reached XP level 1. HP: 12/12 MP: 1/1
   309 | D:2      | Noticed Natasha
   314 | D:2      | Noticed a crimson imp
   322 | D:1      | Slain by Natasha

Illustrated notes

Levels and vault maps discovered:
D:1:      wander_arrival_lonely_grave, layout_rooms
D:2:      minmay_spotlight, layout_basic, minmay_worlds_worst_comb,
          uniq_crazy_yiuf_cottage, uniq_terence, uniq_natasha

Action                   || total
-------------------------++-------
Melee: War axe           ||    19
Armor: Leather armour    ||    10
Dodge: Dodged            ||    19

Table legend: (Time is in decaauts)
 A = Elapsed time spent in this place.
 B = Non-inter-level travel time spent in this place.
 C = Inter-level travel time spent in this place.
 D = Time resting spent in this place.
 E = Time spent auto-exploring this place.
 F = Levels seen in this place.
 G = Mean time per level.
                   A        B        C        D        E       F      G
               +--------+--------+--------+--------+--------+-----+--------+
         Total |    328 |    328 |      0 |    205 |     65 |   2 |  164.0 |
       Dungeon |    328 |    328 |      0 |    205 |     65 |   2 |  164.0 |
               +--------+--------+--------+--------+--------+-----+--------+

Top non-repeatable levels by time:
     D:1: 314 daAuts
     D:2: 14 daAuts
